 Seeded DCSS version 0.24.0-37-gcf1ca852f1 (console) character file.

Game seed: 93891015573, levelgen mode: deterministic

1094 Kagalorn the Thrower (level 8, -5/93 HPs)
             Began as a Human Hunter on Dec 7, 2019.
             Was a Follower of Okawaru.
             Slain by a gnoll
             ... wielding a +1 flail of crushing
              (8 damage)
             ... on level 5 of the Dungeon.
             The game lasted 00:14:38 (7632 turns).

Kagalorn the Thrower (Human Hunter)                 Turns: 7632, Time: 00:14:38

Health: -5/93      AC:  7    Str: 20    XL:     8   Next: 57%
Magic:  8/8        EV: 10    Int: 12    God:    Okawaru [*.....]
Gold:   247        SH:  0    Dex: 15    Spells: 7/7 levels left

rFire    + . .     SeeInvis +   a - +0 long sword
rCold    . . .     Gourm    .   (no shield)
rNeg     . . .     Faith    .   B - +0 scale mail
rPois    .         Spirit   .   k - +0 helmet
rElec    .         Reflect  .   (no cloak)
rCorr    .         Harm     .   (no gloves)
MR       .....                  (no boots)
Stlth    ..........             v - amulet of rage
HPRegen  0.25/turn              E - ring of Wielij {rF+ SInv}
MPRegen  0.11/turn              x - +2 ring of dexterity

@: berserking (expiring), very quick
A: no striking features
a: Heroism, Renounce Religion, Evoke Berserk Rage


You were on level 5 of the Dungeon.
You worshipped Okawaru.
Okawaru was aware of your devotion.
You were not hungry.

You visited 2 branches of the dungeon, and saw 6 of its levels.

You collected 247 gold pieces.

Inventory:

Hand Weapons
 a - a +0 long sword (weapon)
Missiles
 c - 6 javelins
 d - 2 throwing nets
 j - 144 stones
 o - 34 sling bullets
 q - 14 poisoned darts (quivered)
Armour
 k - a +0 helmet (worn)
 B - a +0 scale mail (worn)
Jewellery
 v - an amulet of rage (around neck)
 x - a +2 ring of dexterity (right hand)
 y - an uncursed ring of ice {unknown}
 E - the ring of Wielij (left hand) {rF+ SInv}
   (You found it on level 5 of the Dungeon)

   [ring of protection from fire]

   It protects you from fire.
   It lets you see invisible.
Wands
 w - a wand of paralysis (6)
 F - a wand of acid (8)
Scrolls
 b - a scroll of enchant armour
 g - 3 scrolls of remove curse {unknown}
 h - 2 scrolls of magic mapping {unknown}
 i - 2 scrolls of enchant weapon {unknown}
 l - 2 scrolls of amnesia {unknown}
 n - a scroll of random uselessness {unknown}
 r - a scroll of fear {unknown}
 s - 5 scrolls of identify
 t - 5 scrolls of teleportation
 u - a scroll of immolation {unknown}
Potions
 e - 2 potions of flight {unknown}
 m - a potion of ambrosia {unknown}
 p - 2 potions of haste {unknown}
 z - a potion of magic {unknown}
 A - 2 potions of curing {unknown}
 C - a potion of agility {unknown}
 D - a potion of mutation {unknown}
Comestibles
 f - 3 rations


   Skills:
 - Level 5.0 Fighting
 - Level 9.2 Throwing
 - Level 2.0 Dodging
 - Level 1.0 Stealth
 + Level 0.7 Invocations


You had 7 spell levels left.
You didn't know any spells.
Your spell library was empty.

Dungeon Overview and Level Annotations

Branches:
Dungeon (5/15)             Temple (1/1) D:5

Altars:
Ashenzari
Cheibriados
Dithmenos
Fedhas
Gozag
Kikubaaqudgha
Makhleb
Okawaru
Qazlal
Ru
Trog
Uskayaw
Vehumet
Xom
Lugonu


Message History

A red film seems to cover your vision as you go berserk!
You feel yourself moving faster!
You feel mighty!
You feel a lot more hungry. The gnoll hits you but does no damage.
The gnoll hits you with a +1 flail of crushing.
* * * LOW HITPOINT WARNING * * *
x2 You barely miss the gnoll.
The gnoll hits you but does no damage. x2
You barely miss the gnoll. The gnoll misses you.
You barely miss the gnoll.
The gnoll hits you with a +1 flail of crushing!
* * * LOW HITPOINT WARNING * * *
x2 The gnoll hits you from afar with a +0 spear.
* * * LOW HITPOINT WARNING * * *
You closely miss the gnoll.
The gnoll hits you with a +1 flail of crushing.
* * * LOW HITPOINT WARNING * * *
x2 The gnoll hits you from afar with a +0 spear.
* * * LOW HITPOINT WARNING * * *
You barely miss the gnoll.
The gnoll hits you with a +1 flail of crushing!
You die...

.....# .....#
.....####
.....'..##########
.....##.#....g...#
....###.##.#####.#
###.# #.##.# #g#
#.# #.##.# #g# #.#
#.##.# #@#
#.###.##.# #.#
#.#...##.# #.#
#.#.####.# #.#
#.#.# #.# #.#
###.#p# #.# #.#
...>#p# #.# #.#
###.#.####.# #.#
#.#.#....#####.#


You could see 2 gnolls.

Vanquished Creatures
  Pikel (D:5)
  An ogre (D:5)
  Blork the orc (D:5)
  A scorpion (D:5)
  A crimson imp (D:5)
  A hound (D:4)
  An orc priest (D:5)
  An orc wizard (D:5)
  A bullfrog skeleton (D:3)
  A killer bee zombie (D:5)
  Robin (D:2)
  5 gnolls
  4 adders
  An ooze (D:2)
  6 worms
  4 dart slugs
  17 orcs
  7 giant cockroaches
  11 goblins
  18 hobgoblins
  2 quokkas
  8 bats
  7 frilled lizards
  3 kobolds
  A leopard gecko skeleton (D:5)
  5 rats
110 creatures vanquished.

Vanquished Creatures (others)
  A giant cockroach (D:3)
1 creature vanquished.

Grand Total: 111 creatures vanquished

Notes
Turn   | Place    | Note
-------+----------+-------------------------------------------
     0 | D:1      | Kagalorn the Human Hunter began the quest for the Orb.
     0 | D:1      | Reached XP level 1. HP: 16/16 MP: 1/1
   237 | D:1      | Reached XP level 2. HP: 22/22 MP: 2/2
   598 | D:1      | You fall into a shaft and drop 1 floor!
   831 | D:2      | Found a faded altar of an unknown god.
  1051 | D:1      | Reached XP level 3. HP: 24/27 MP: 3/3
  1401 | D:2      | Noticed Robin
  1427 | D:2      | Reached skill level 5 in Throwing
  1532 | D:2      | Reached XP level 4. HP: 18/34 MP: 4/4
  2862 | D:2      | Reached XP level 5. HP: 40/40 MP: 5/5
  3193 | D:2      | Killed Robin
  3706 | D:3      | Found a radiant altar of Vehumet.
  3923 | D:3      | Found a shadowy altar of Dithmenos.
  4449 | D:3      | Reached skill level 6 in Throwing
  4449 | D:3      | Reached XP level 6. HP: 5/48 MP: 6/6
  4668 | D:3      | Found an ancient bone altar of Kikubaaqudgha.
  4884 | D:3      | Found a bloodstained altar of Trog.
  5062 | D:4      | Found a hide-covered altar of Uskayaw.
  5068 | D:4      | Noticed a -2 hand axe
  5069 | D:4      | Noticed a +0 dagger
  5591 | D:5      | Entered Level 5 of the Dungeon
  5702 | D:5      | Noticed Blork the orc
  5718 | D:5      | Killed Blork the orc
  5781 | D:5      | Found a staircase to the Ecumenical Temple.
  5782 | D:5      | Noticed a phantom
  5801 | Temple   | Entered the Ecumenical Temple
  5839 | Temple   | Became a worshipper of Warmaster Okawaru
  6030 | D:5      | Reached XP level 7. HP: 55/55 MP: 7/7
  6258 | D:5      | Found a shimmering altar of Xom.
  6291 | D:5      | Got a brightly glowing bone ring
  6292 | D:5      | Identified the ring of Wielij {rF+ SInv} (You found it on
                  | level 5 of the Dungeon)
  6319 | D:5      | Reached skill level 5 in Fighting
  6730 | D:5      | Reached skill level 7 in Throwing
  7001 | D:5      | Found a blossoming altar of Fedhas.
  7387 | D:5      | Found a burning altar of Makhleb.
  7423 | D:5      | Noticed Pikel
  7467 | D:5      | Killed Pikel
  7467 | D:5      | Reached * piety under Okawaru
  7467 | D:5      | Reached skill level 9 in Throwing
  7467 | D:5      | Reached XP level 8. HP: 60/62 MP: 8/8
  7631 | D:5      | HP: 4/93 [gnoll/+1 flail of crushing (1)]
  7632 | D:5      | Slain by a gnoll

Levels and vault maps discovered:
D:1:      minmay_arrival_four_houses, layout_loops_ring,
          hangedman_feature_mirror
D:2:      layout_loops_ring, chequers_ecumenical_altar_simple, uniq_robin
D:3:      layout_loops_corners, fiery_altar_vehumet, lemuel_round_altar,
          kiku_gazebo_garden_becter, lemuel_coloured_pillars_altar, first_ration
D:4:      layout_rooms, dancing_weapons_uskayaw, serial_forest,
          infiniplex_forest_zigzag_2, infiniplex_forest_clump_small,
          infiniplex_forest_clump_medium, infiniplex_forest_zigzag_1,
          infiniplex_forest_clump_double
D:5:      layout_basic, lemuel_crystal_altar, kennysheep_mini,
          minmay_temple_entry_mini_moons, basic_altar, uniq_blork_the_orc,
          uniq_pikel
Temple:   corrupted_temple

Skill      XL: |  1  2  3  4  5  6  7 |
---------------+----------------------+-----
Throwing       | 5 6 9 |  9.2
Fighting       | 3 4 5 |  5.0
Dodging        | |  2.0
Stealth        | |  1.0
Invocations    | |  0.7

Action                   |  1- 3 |  4- 6 |  7- 9 || total
-------------------------+-------+-------+-------++-------
Melee: Short sword       |    66 |       |       ||    66
       Hand axe          |    36 |   136 |       ||   172
       Long sword        |       |   109 |   107 ||   216
       Trident           |       |    15 |       ||    15
Throw: Dart              |     4 |    10 |     3 ||    17
 Abil: Evoke Berserk Rag |       |     3 |     4 ||     7
Evoke: Wand              |       |       |     4 ||     4
  Use: Scroll            |       |       |     2 ||     2
 Stab: Sleeping          |     1 |     4 |       ||     5
       Paralysed         |       |       |    23 ||    23
  Eat: Chunk             |     2 |    15 |     1 ||    18
       Ration            |       |     1 |     2 ||     3
Armor: Leather armour    |    26 |    44 |       ||    70
       Scale mail        |       |    29 |    43 ||    72
Dodge: Dodged            |    60 |   147 |    38 ||   245
       Rpst.: Long sword |       |    15 |    12 ||    27
